 Dungeon Crawl Stone Soup version 0.18-a0-1120-g03bd624 (webtiles) character file.

25 4thArraOfDagon the Stinger (level 3, 0/28 HPs)
             Began as a Naga Venom Mage on Jan 17, 2016.
             Slain by a gnoll
             ... wielding a +0 whip of electrocution
              (20 damage)
             ... on level 2 of the Dungeon.
             The game lasted 00:03:29 (458 turns).

4thArraOfDagon the Stinger (Naga Venom Mage)         Turns: 458, Time: 00:03:29

Health: 0/28       AC:  2    Str: 13    XL:     3   Next: 6%
Magic:  3/6        EV: 10    Int: 18    God:
Gold:   26         SH:  0    Dex: 11    Spells: 1 memorised, 5 levels left

rFire  . . .     SeeInvis +     (no weapon)
rCold  . . .     Gourm    .     a - +0 robe
rNeg   . . .     Faith    .     (no shield)
rPois  +         Spirit   .     (no helmet)
rElec  .         Dismiss  .     (no cloak)
rCorr  .         Reflect  .     (no gloves)
SustAt .         Harm     .     (no barding)
MR     .....                    (no amulet)
Stlth  ++........               m - +2 ring of intelligence
                                i - +3 ring of strength

@: short of breath, very slow, not resistant to hostile enchantments, unstealthy
A: see invisible, deformed body, poison resistance, slowness 2, slow metabolism
1, spit poison 2, AC +1
a: Spit Poison


You were on level 2 of the Dungeon.
You were not hungry.

You visited 1 branch of the dungeon, and saw 2 of its levels.

You collected 26 gold pieces.

Inventory:

Armour
 a - a +0 robe (worn)
Jewellery
 i - a +3 ring of strength (left hand)
 m - a +2 ring of intelligence (right hand)
Scrolls
 d - a scroll of blinking {unknown}
 e - a scroll of noise {unknown}
 j - a scroll of remove curse {unknown}
 k - a scroll of teleportation {unknown}
 l - a scroll of identify {unknown}
Potions
 f - a potion of brilliance {unknown}
 n - a potion of poison {unknown}
Books
 b - a Young Poisoner's Handbook

   Spells                             Type                      Level
   a - Sting                          Conjuration/Poison           1
   b - Cure Poison                    Poison                       2
   c - Mephitic Cloud                 Conjuration/Poison/Air       3
   d - Olgreb's Toxic Radiance        Poison                       4
   e - Venom Bolt                     Conjuration/Poison           5
Comestibles
 c - 2 bread rations
 g - 5 fruits
 h - a meat ration


   Skills:
 - Level 1.5 Dodging
 - Level 3.0 Stealth
 + Level 2.1 Spellcasting
 * Level 0.8 Conjurations
 * Level 6.2 Poison Magic


You had 5 spell levels left.
You knew the following spells:

 Your Spells              Type           Power        Failure   Level  Hunger
a - Sting                 Conj/Pois      ##..         4%          1    #......


Dungeon Overview and Level Annotations

Branches:
Dungeon (2/15)

Altars:


Innate Abilities, Weirdness & Mutations

You cannot wear boots.
Your serpentine skin is tough (AC +1).
You have supernaturally acute eyesight.
Armour fits poorly on your strangely shaped body.
Your system is resistant to poisons.
You cover ground very slowly.
You have a slow metabolism.
You can spit poison.


Message History

The splash of poison misses the gnoll.
You feel slightly more hungry.
Casting: Sting
Confirm with . or Enter, or press ? or * to list all spells.
Aiming: Sting
Press: ? - help, Shift-Dir - straight line, f/p - gnoll
Aim: a gnoll, wielding a whip of electrocution The sting hits the gnoll.
The gnoll is poisoned.
The gnoll is moderately wounded.
The gnoll hits you with a whip of electrocution.
Casting: Sting
Confirm with . or Enter, or press ? or * to list all spells.
Aiming: Sting
Press: ? - help, Shift-Dir - straight line, f/p - gnoll
Aim: a gnoll, wielding a whip of electrocution (moderately wounded, poisoned)
The sting hits the gnoll.
The gnoll is heavily wounded.
The gnoll hits you with a whip of electrocution.
You are electrocuted!
Ouch! That really hurt!
You die...

## #### #### ## #..
..# #.. .# #.####.#
#.###<###
#.#....######.#.....#
#.#.#.†....@g...#.#.#
#.#....######.###.#
#......# #.# .#
#....### #.. g#
#.#### #### .# #.# #.
#.# ####### # #.#
#.....# #.# #.....#


You could see a gnoll.

Vanquished Creatures
  A giant gecko (D:2)
  7 bats
  A giant cockroach (D:2)
  2 goblins
  2 hobgoblins (D:2)
  4 kobolds
  A quokka (D:2)
  2 ball pythons
  A giant newt (D:2)
  2 rats (D:1)
23 creatures vanquished.

Notes
Turn   | Place    | Note
--------------------------------------------------------------
     0 | D:1      | 4thArraOfDagon the Naga Venom Mage began the quest for the Orb.
     0 | D:1      | Reached XP level 1. HP: 15/15 MP: 3/3
    74 | D:1      | Reached XP level 2. HP: 11/22 MP: 0/5
   116 | D:1      | Reached skill level 6 in Poison Magic
   399 | D:2      | Reached XP level 3. HP: 25/28 MP: 4/6
   458 | D:2      | Slain by a gnoll

Vault maps used:
D:1:      dpeg_arrival_round_b, hangedman_abyss_or_decor_lesser_grid,
          patterned_corridor
D:2:      marbit_many_paths

Action                   || total
-------------------------++-------
Melee: Unarmed           ||    27
 Cast: Sting             ||    26
 Abil: Spit Poison       ||    18
